Map: Base du roi Sejong EC

Players

Xapamambypy - Winner!

  • Race: Zerg Zerg
  • League: Silver
  • Spawn Location: 5:00

zidar

  • Race: Zerg Zerg
  • League: Gold
  • Spawn Location: 11:00

VOD

Have the link to the VOD?

Description

Time

  • Played on: June 19, 2016, 9:14 a.m.
  • Length: 13:29
Show
View Real Time Build Order
Export as new Build Order

Xapamambypy Zerg - Winner!

Build Orders: Pool First 

Get SALT Encoding   

  12  0:01  Drone  
  13  0:14  Extractor  
  12  0:16  Extractor  
  12  0:17  Drone  
  12  0:18  Drone  
  13  0:23  Drone  
  16  0:37  Spawning Pool  
  15  0:43  Overlord  
  15  0:55  Extractor  
  14  1:02  Drone x3  
  17  1:22  Hatchery  
  17  1:23  Drone  
  17  1:27  Drone  
  18  1:35  Drone  
  19  1:48  Queen  
  19  1:49  Zergling x2  
  22  2:04  Overlord  
  22  2:15  Metabolic Boost  
  22  2:28  Zergling x6  
  25  2:36  Queen  
  27  2:45  Zergling x2  
  27  2:46  Zergling x4  
  30  2:53  Zergling x2  
  30  2:57  Overlord x2  
  31  3:00  Zergling x4  
  33  3:09  Drone  
  33  3:10  Evolution Chamber  
  33  3:13  Extractor  
  33  3:16  Zergling x4  
  34  3:24  Drone  
  35  3:33  Drone x2  
  37  3:40  Zerg Melee Weapons Level 1  
  37  3:43  Drone x3  
  32  4:02  Zergling x12  
  38  4:09  Drone  
  39  4:10  Drone x2  
  39  4:12  Drone  
  42  4:30  Baneling Nest  
  41  4:35  Drone x4  
  43  5:10  Roach Warren  
  43  5:11  Lair  
  42  5:17  Drone x9  
  42  5:21  Extractor  
  50  5:22  Extractor  
  50  5:23  Overlord x4  
  49  5:32  Baneling x2  
  49  5:33  Baneling x4  
  49  5:34  Baneling  
  49  5:47  Zerg Ground Armor Level 1  
  49  5:54  Drone x4  
  53  6:09  Hatchery  
  44  6:32  Hydralisk Den  
  43  6:38  Roach x4  
  43  6:39  Roach x10  
  71  6:56  Zergling x8  
  75  7:10  Hydralisk  
  75  7:11  Hydralisk x2  
  75  7:14  Hydralisk  
  83  7:17  Overlord x2  
  83  7:18  Overlord  
  83  7:29  Drone  
  84  7:30  Drone x2  
  84  7:33  Muscular Augments  
  84  7:36  Roach x4  
  94  7:55  Hydralisk x5  
  94  7:56  Hydralisk  
  66  8:30  Zergling x2  
  66  8:31  Zergling x22  
  59  9:03  Roach  
  59  9:04  Roach x5  
  71  9:14  Drone x2  
  71  9:15  Drone  
  74  9:17  Drone  
  74  9:18  Queen  
  77  9:38  Hydralisk x8  
  77  9:42  Overseer  
  93  9:53  Zerg Missile Weapons Level 1  
  93  9:58  Evolution Chamber  
  93  9:59  Glial Reconstitution  
  92  10:04  Drone  
  92  10:05  Drone x10  
  103  10:10  Extractor  
  103  10:12  Extractor  
  101  10:22  Zergling x6  
  101  10:23  Zergling x8  
  108  10:28  Hydralisk  
  110  10:39  Zerg Ground Armor Level 2  
  110  10:49  Roach  
  114  10:50  Roach  
  114  10:52  Overlord x10  
  114  11:15  Infestation Pit  
  113  11:27  Hydralisk  
  113  11:28  Evolution Chamber, Hydralisk x6  
  113  11:29  Hydralisk x6  
  138  11:33  Overseer  
  138  11:40  Spore Crawler  
  137  11:56  Hatchery  
  135  12:42  Zergling x2  
  135  12:43  Zergling x38  
  147  12:50  Zergling x4  
  147  12:51  Zergling x2  
Show
View Real Time Build Order
Export as new Build Order

zidar Zerg 

Build Orders: Pool First 

Get SALT Encoding   

  12  0:03  Drone  
  13  0:12  Overlord  
  13  0:17  Drone  
  14  0:30  Drone x2  
  16  0:43  Spawning Pool  
  16  0:45  Drone  
  16  1:10  Hatchery  
  15  1:11  Drone  
  15  1:15  Extractor  
  15  1:18  Drone  
  16  1:30  Queen  
  18  1:36  Drone  
  19  1:44  Overlord  
  19  1:57  Drone  
  19  1:59  Drone  
  21  2:02  Drone  
  22  2:08  Queen  
  24  2:19  Zergling x2  
  25  2:24  Zergling x2  
  25  2:25  Zergling x2  
  27  2:47  Roach Warren  
  26  3:04  Zergling x14  
  33  3:08  Metabolic Boost  
  33  3:23  Overlord x2  
  33  3:40  Spine Crawler  
  32  3:46  Roach  
  32  3:47  Roach x3  
  33  4:07  Roach x4  
  41  4:16  Drone x2  
  43  4:19  Drone  
  43  4:22  Drone  
  45  4:46  Roach x3  
  51  4:53  Evolution Chamber  
  50  5:05  Drone x2  
  52  5:09  Overlord x2  
  52  5:10  Overlord  
  52  5:18  Extractor  
  52  5:19  Zerg Missile Weapons Level 1  
  51  5:24  Drone  
  51  5:28  Drone x2  
  54  5:30  Drone  
  54  5:31  Drone  
  56  5:51  Drone x7  
  63  6:01  Overlord  
  63  6:10  Evolution Chamber  
  62  6:25  Roach x7  
  69  6:27  Ravager  
  69  6:29  Ravager  
  69  6:30  Ravager  
  72  6:52  Roach  
  72  6:53  Roach x5  
  83  7:09  Overlord x2  
  83  7:43  Roach x8  
  99  7:46  Overlord x2  
  99  7:47  Overlord  
  62  8:51  Lair  
  56  9:01  Zergling x12  
  42  9:18  Extractor, Spine Crawler  
  42  9:20  Spine Crawler  
  42  9:21  Roach  
  42  9:22  Roach x2  
  45  9:39  Hatchery  
  44  9:46  Roach x9  
  62  9:58  Roach  
  62  9:59  Roach  
  66  10:13  Zerg Ground Armor Level 1  
  66  10:15  Zerg Missile Weapons Level 2  
  66  10:21  Spire  
  65  10:32  Extractor  
  65  10:34  Drone x9  
  73  10:47  Hydralisk Den  
  73  10:54  Overseer  
  73  10:55  Overseer  
  73  11:01  Drone x7  
  73  11:02  Drone x2  
  82  11:10  Ravager x4  
  89  11:18  Drone x8  
  94  11:31  Drone  
  94  11:32  Drone x5  
  100  11:36  Lurker Den  
  100  11:45  Glial Reconstitution  
  100  11:50  Hydralisk x4  
  108  12:06  Roach x7  
  113  12:24  Ravager x2  
  102  12:47  Hydralisk  
  102  12:48  Hydralisk x5  
Tags
 
Add a new tag
Caveats
  • Supply blocks, unpowered buildings, or Contaminate may cause inaccurate times.
  • Supply counts are checked every 10 seconds.